 Dungeon Crawl Stone Soup version 0.32-a0-818-gb728d0252e (webtiles) character file.

Game seed: 7114813851952560648

14506 greenreed the Skirmisher (level 12, -8/95 HPs)
             Began as a Coglin Hunter on Mar 24, 2024.
             Was an Elder of Qazlal.
             Mangled by a soul eater (14 damage)
             ... on level 13 of the Dungeon.
             The game lasted 00:24:03 (11751 turns).

greenreed the Skirmisher (Coglin Hunter)           Turns: 11751, Time: 00:24:04

Health: -8/95      AC: -12   Str: 13    XL:     12   Next: 17%
Magic:  12/12      EV: 15    Int:  8    God:    Qazlal [****..]
Gold:   623        SH:  5    Dex: 22    Spells: 11/11 levels left

rFire   + . .        a - +2 sling {Fusazane}
rCold   + . .        d - +0 sling {Nozipho}
rNeg    . . .        B - +0 swamp dragon scales
rPois   +            G - +0 helmet
rElec   .            L - scarf {rC+ rF+}
rCorr   .            w - +0 pair of gloves
SInv    .            z - +2 pair of boots
Will    .....        (amulet unavailable)
Stlth   +            (ring unavailable)
HPRegen 0.35/turn    (ring unavailable)
MPRegen 0.13/turn    (no gizmo)

%: repel missiles
@: corroded
A: off-hand wielding, slow wielding, warmup strikes, no jewellery
a: Invent Gizmo, Renounce Religion, Upheaval, Elemental Force


You were on level 13 of the Dungeon.
You worshipped Qazlal.
Qazlal was greatly pleased with you.
You visited 2 branches of the dungeon, and saw 14 of its levels.
You also visited: Sewer.

You collected 818 gold pieces.
You spent 195 gold pieces at shops.

Inventory:

Hand Weapons
 a - a +2 sling (weapon) {Fusazane}
 d - a +0 sling (offhand) {Nozipho}
 M - the +5 long sword of Hingoq {heavy, Fly rElec Will- Dex+5}
   (You found it on level 10 of the Dungeon)

   Dex+5:     It affects your dexterity (+5).
   rElec:     It insulates you from electricity.
   Will-:     It decreases your willpower.
   Fly:       It grants you flight.
Missiles
 x - 5 datura-tipped darts
 J - 2 curare-tipped darts
Armour
 w - a +0 pair of gloves (worn)
 z - a +2 pair of boots (worn)
 A - a +1 robe of cold resistance
 B - +0 swamp dragon scales (worn)
 G - a +0 helmet (worn)
 L - a scarf of resistance (worn)
Talismans
 p - a beast talisman
Wands
 o - a wand of iceblast (18)
 q - a wand of flame (12)
Scrolls
 b - a scroll of butterflies
 e - 7 scrolls of identify {unknown}
 h - 2 scrolls of teleportation
 i - 2 scrolls of enchant armour {unknown}
 j - a scroll of amnesia {unknown}
 k - 2 scrolls of noise {unknown}
 m - 2 scrolls of vulnerability {unknown}
 n - a scroll of torment {unknown}
 r - a scroll of blinking {unknown}
 s - 3 scrolls of immolation {unknown}
 t - 3 scrolls of revelation {unknown}
 y - a scroll of summoning {unknown}
 D - 2 scrolls of fear {unknown}
 I - a scroll of enchant weapon {unknown}
 K - a scroll of fog {unknown}
 N - a scroll of brand weapon {unknown}
Potions
 c - a potion of curing {unknown}
 f - 3 potions of lignification {unknown}
 g - 3 potions of mutation {unknown}
 l - 2 potions of brilliance {unknown}
 u - a potion of might {unknown}
 C - 3 potions of degeneration {unknown}
 E - 2 potions of resistance {unknown}
 F - a potion of heal wounds {unknown}
 H - a potion of enlightenment {unknown}


   Skills:
 + Level 9.3 Fighting
 * Level 11.7 Ranged Weapons
 + Level 8.1 Dodging
 - Level 0.7 Stealth
 + Level 10.5 Evocations
 + Level 2.5 Shapeshifting


You had 11 spell levels left.
You didn't know any spells.
Your spell library contained the following spells:

 Spells                   Type           Power      Damage    Failure   Level
 Freeze                   Ice            0%         1d3       67%         1
 Kiss of Death            Conj/Necr      0%         2d5       67%         1
 Slow                     Hex            0%         N/A       67%         1
 Summon Small Mammal      Summ           0%         N/A       67%         1
 Ensorcelled Hibernation  Hex/Ice        0%         N/A       82%         2
 Call Canine Familiar     Summ           0%         N/A       96%         3
 Confusing Touch          Hex            0%         N/A       96%         3
 Hailstorm                Conj/Ice       0%         3d5       96%         3
 Passwall                 Erth           0%         N/A       96%         3
 Sigil of Binding         Hex            0%         N/A       96%         3
 Swiftness                Air            0%         N/A       96%         3
 Vampiric Draining        Necr           0%         2d6       96%         3
 Volatile Blastmotes      Fire/Tloc      0%         2d10      96%         3
 Dispel Undead            Necr           0%         3d6       100%        4
 Leda's Liquefaction      Alch/Erth      0%         N/A       100%        4
 Lee's Rapid Deconstruct  Erth           0%         3d4*      100%        5
 Summon Forest            Summ/Tloc      0%         N/A       100%        5
 Bombard                  Conj/Erth      0%         9d1       100%        6
 Conjure Ball Lightning   Conj/Air       0%         3x3d6     100%        6
 Death Channel            Necr           0%         N/A       100%        6
 Permafrost Eruption      Ice/Erth       0%         2x4d2     100%        6
 Sculpt Simulacrum        Ice/Alch       0%         N/A       100%        6
 Discord                  Hex            0%         N/A       100%        8
 Disjunction              Tloc           0%         N/A       100%        8


Dungeon Overview and Level Annotations

Branches:
Dungeon (14/15)            Temple (1/1) D:7            Lair (0/5) D:11
  Sewer (visited)
    Orc: D:9-12      Vaults: D:13-14

Altars:
Ashenzari
Cheibriados
Dithmenos
Elyvilon
Fedhas
Gozag
Hepliaklqana
Kikubaaqudgha
Makhleb
Nemelex Xobeh
Okawaru
Qazlal
Ru
Sif Muna
Trog
Uskayaw
Vehumet
Wu Jian
Xom
Yredelemnul
Zin
The Shining One

Shops:
D:1 (   D:3 :   D:6 [   D:13 *

Annotations:
D:2 1 runed translucent door, Crazy Yiuf
D:11 exclusions: oklob plant and oklob sapling


Innate Abilities, Weirdness & Mutations

You can wield a second weapon in your off-hand.
It takes a long time for you to wield or remove held weapons.
Your first few attacks do less damage.
You cannot equip rings or amulets.


Message History

The sling bullet hits the rust devil but does no damage.
The rust devil is moderately wounded.
Your surroundings suddenly seem different.
The ynoxinul bellows!
You hear two shouts!
Unknown command.
The ynoxinul gestures.
The ufetubus shouts!
As you read the scroll of teleportation, it crumbles to dust.
You feel strangely unstable.
The ynoxinul gestures.
The ufetubus closely misses you. The ufetubus hits you.
* * * LOW HITPOINT WARNING * * *
The ufetubus is engulfed in a thunderstorm.
You kill the ufetubus!
The ufetubus disappears in a puff of smoke!
The ufetubus closely misses you. x2; The ufetubus slips past you!
The ufetubus misses you. The ufetubus hits you.
* * * LOW HITPOINT WARNING * * *
Your surroundings suddenly seem different.
Found 5 boomerangs.
You hear a skittering sound.
You hear a roar!
You start resting.
A soul eater is nearby!
As you read the scroll of teleportation, it crumbles to dust.
You feel strangely unstable.
The smoke demon roars!
A chaos spawn comes into view.
The soul eater draws from the surrounding life force!
* * * LOW HITPOINT WARNING * * *
Unknown command.
The smoke demon gestures at you. Something smites you!
* * * LOW HITPOINT WARNING * * *
Unknown command.
Your surroundings suddenly seem different.
Found 12 gold pieces.
You now have 623 gold pieces (gained 12).
The soul eater draws from the surrounding life force!
You die...

#....3............##...≈≈....)...
#................# #§§§≈.#......
#####.##.##3.....## ##§P........#
.... ##....#..######........#
.#### #.........## #.$......# .#
#......#...# #....|..:# #
#...○..○.# #......4.#
#...○°.#.#......#######
#.....@..######. ########## ##


You could see a soul eater.

Vanquished Creatures
  A boulder beetle (D:7)
  Erica (D:8)
  A two-headed ogre (D:8)
  2 soul eaters (D:13)
  A sun demon (D:13)
  A cyclops (D:7)
  A manticore (D:7)
  Maggie (D:7)
  An efreet (D:13)
  3 trolls
  A red devil (D:13)
  A queen bee (D:8)
  A hornet (D:7)
  2 blink frogs (D:11)
  Sigmund (D:2)
  3 wraiths
  3 wyverns
  7 yaks
  2 steam dragons (D:7)
  A vampire mosquito (D:7)
  Menkaure (D:4)
  An acid dragon (D:10)
  3 water moccasins
  3 black bears
  A sky beast (D:7)
  2 laughing skulls (D:10)
  4 ice beasts
  3 orc warriors
  2 ogres (D:6)
  6 centaurs
  A kobold brigand (D:10)
  A phantom (D:6)
  11 bullfrogs
  2 scorpions
  8 wights (D:8)
  12 killer bees
  A howler monkey (D:11)
  3 bombardier beetles
  2 hounds
  9 orc priests
  A gnoll bouda (D:7)
  3 sleepcaps (D:7)
  6 iguanas
  2 hell rats (D:11)
  13 orc wizards
  9 adders
  4 gnolls
  3 river rats (D:11)
  A shadow imp (D:6)
  5 white imps
  3 ufetubi
  11 dart slugs
  A ribbon worm (D:2)
  37 orcs
  7 bats
  15 endoplasms
  14 giant cockroaches
  10 goblins
  9 hobgoblins
  6 jackals
  9 kobolds
  2 quokkas (D:2)
  16 ball pythons
  14 frilled lizards
  7 rats
319 creatures vanquished.

Notes
Turn   | Place    | Note
-------+----------+-------------------------------------------
     0 | D:1      | greenreed the Coglin Hunter began the quest for the Orb.
     0 | D:1      | Reached XP level 1. HP: 16/16 MP: 1/1
    75 | D:1      | Found Noekimit's Antique Weapon Emporium.
    87 | D:1      | Reached XP level 2. HP: 22/22 MP: 2/2
   336 | D:1      | Reached XP level 3. HP: 28/28 MP: 3/3
   348 | D:1      | Reached skill level 4 in Ranged Weapons
   361 | D:1      | Found a faded altar of an unknown god.
   369 | D:1      | Got Plato's Guide on the Tundra
   994 | D:2      | Reached XP level 4. HP: 30/35 MP: 4/4
  1110 | D:2      | Found a runed translucent door.
  1111 | D:2      | Noticed Crazy Yiuf
  1203 | D:2      | Noticed Sigmund
  1210 | D:2      | Killed Sigmund
  1211 | D:2      | Reached XP level 5. HP: 18/42 MP: 5/5
  1211 | D:2      | Reached XP level 6. HP: 21/48 MP: 6/6
  1612 | D:3      | Reached skill level 5 in Ranged Weapons
  1743 | D:3      | Found Poyzaula's Book Boutique.
  1882 | D:3      | Reached skill level 1 in Evocations
  2090 | D:4      | Noticed Menkaure
  2174 | D:4      | Found a glowing drain.
  2185 | Sewer    | Entered a sewer
  2360 | Sewer    | Reached XP level 7. HP: 51/55 MP: 7/7
  2721 | D:4      | Reached skill level 6 in Ranged Weapons
  2904 | D:4      | Killed Menkaure
  2905 | D:4      | Reached skill level 5 in Fighting
  2905 | D:4      | Reached XP level 8. HP: 34/62 MP: 8/8
  3310 | D:5      | Entered Level 5 of the Dungeon
  3370 | D:5      | HP: 3/62 [ice beast (10)]
  3951 | D:5      | Found a stormy altar of Qazlal.
  3970 | D:5      | Became a worshipper of Qazlal Stormbringer
  4439 | D:6      | Found a snail-covered altar of Cheibriados.
  4440 | D:6      | Found a shadowy altar of Dithmenos.
  4492 | D:6      | Reached skill level 7 in Ranged Weapons
  4778 | D:6      | Reached skill level 5 in Evocations
  4911 | D:6      | Reached XP level 9. HP: 56/69 MP: 9/9
  5186 | D:6      | Reached skill level 5 in Dodging
  5204 | D:6      | Found Piptemi's Antique Armour Shoppe.
  5212 | D:6      | Bought a pair of runed boots for 195 gold pieces
  5387 | D:7      | Reached * piety under Qazlal
  5781 | D:7      | Reached skill level 8 in Ranged Weapons
  5858 | D:7      | Noticed a cyclops
  5867 | D:7      | Killed a cyclops
  5879 | D:7      | Reached ** piety under Qazlal
  5880 | D:7      | Reached XP level 10. HP: 56/77 MP: 10/10
  6087 | D:7      | Reached skill level 9 in Ranged Weapons
  6154 | D:7      | Noticed a boulder beetle
  6167 | D:7      | Killed a boulder beetle
  6336 | D:7      | Noticed a manticore
  6346 | D:7      | Killed a manticore
  6601 | D:7      | Paralysed by a hornet for 1 turns
  6846 | D:7      | Noticed Maggie
  6847 | D:7      | Found a staircase to the Ecumenical Temple.
  6859 | D:7      | Killed Maggie
  7015 | Temple   | Entered the Ecumenical Temple
  7087 | D:7      | Reached skill level 10 in Ranged Weapons
  7422 | D:8      | Noticed a two-headed ogre
  7428 | D:8      | Killed a two-headed ogre
  7429 | D:8      | Reached XP level 11. HP: 32/86 MP: 11/11
  7702 | D:8      | Found a hazy altar of Hepliaklqana.
  7989 | D:8      | Noticed Erica
  7998 | D:8      | Killed Erica
  8748 | D:9      | Reached *** piety under Qazlal
  9166 | D:9      | Reached skill level 11 in Ranged Weapons
  9816 | D:10     | Entered Level 10 of the Dungeon
  9932 | D:10     | Found a shimmering altar of Xom.
  9994 | D:10     | Reached skill level 1 in Shapeshifting
 10403 | D:10     | Reached skill level 10 in Evocations
 10492 | D:10     | Identified the +5 long sword of Hingoq {heavy, Fly rElec
                  | Will- Dex+5}
 10907 | D:11     | Found a staircase to the Lair.
 10958 | D:11     | Identified the +0 hand axe "Pas Ufas" {pain, rC+ rN+ rCorr}
 11000 | D:11     | Got the Precepts of Nature
 11004 | D:11     | Noticed an oklob plant
 11221 | D:11     | Reached **** piety under Qazlal
 11533 | D:11     | You fall into a shaft and drop 3 floors!
 11540 | D:13     | Noticed a sun demon
 11549 | D:13     | Noticed a two-headed ogre
 11550 | D:13     | Killed a sun demon
 11551 | D:13     | Reached XP level 12. HP: 77/95 MP: 12/12
 11554 | D:13     | Noticed a soul eater
 11557 | D:13     | Noticed a soul eater
 11559 | D:13     | Found Nicolae's Needful Niceties.
 11615 | D:13     | Noticed a soul eater
 11619 | D:13     | Killed a soul eater
 11631 | D:13     | Killed a soul eater
 11744 | D:13     | HP: 4/95 [smoke demon/divine providence (8)]
 11751 | D:13     | Mangled by a soul eater

Illustrated notes

Levels and vault maps discovered:
D:1:      shiori_arrival_elements, layout_basic,
          shapermc_ecumenical_altar_rom_forum, serial_glass, glass_columns_c,
          glass_columns_a, glass_columns_a, glass_columns_a, glass_columns_a,
          glass_columns_b, serial_shops, shop
D:2:      layout_loops_ring, uniq_sigmund, uniq_crazy_yiuf_cottage
D:3:      layout_rooms, serial_shops, shop
D:4:      wander_river, layout_rooms, portal_sewer_entry_c, uniq_menkaure
D:5:      layout_cave_pods, mainiacjoe_overflow_brackets
D:6:      layout_cave_pools, gammafunk_temple_overflow_pools, serial_shops,
          nicolae_shop_overgrown_old_shop
D:7:      nzn_winding_woodlands_medium [nzn_winding_woodlands_5x5_closed_star,
          nzn_winding_woodlands_5x15_pathside_ponds,
          nzn_winding_woodlands_5x5_cross, nzn_winding_woodlands_hourglass,
          nzn_winding_woodlands_center_pierced_h,
          nzn_winding_woodlands_5x5_perimeter,
          nzn_winding_woodlands_5x5_open_star,
          nzn_winding_woodlands_5x15_pockets, nzn_winding_woodlands_5x5_three],
          layout_loops_ring, minmay_temple_entry_antechambers, uniq_maggie
D:8:      layout_loops_cross, lemuel_doored_altar, minmay_misc_feat_hallway,
          nicolae_looking_at_the_future, uniq_erica
D:9:      layout_basic, kennysheep_nub
D:10:     layout_irregular_city, regret_index_xom_buried_treasure
D:11:     layout_basic, dpeg_lair_monsters, introduction_to_nature_2
D:13:     layout_rooms, serial_demonic, serial_demonic_d, serial_demonic_b,
          serial_demonic_g, serial_demonic_g, serial_demonic_f,
          nicolae_alphabet_shops
D:14:     layout_big_octagon, hangedman_vaults_entry_quadrant_bands,
          kennysheep_minor_cross, serial_shops, shop
Temple:   bh_familiar_temple

Skill      XL: |  1  2  3  4  5  6  7  8  9 10 11 |
---------------+----------------------------------+-----
Dodging        | 2 3 4 5 6 8 |  8.1
Ranged Weapons | 4 5 6 7 8 10 11 | 11.7
Fighting       | 3 4 5 6 8 9 |  9.3
Evocations     | 1 3 5 7 8 10 | 10.5
Shapeshifting  | 2 |  2.5
Stealth        | |  0.7

Action                     |  1- 3 |  4- 6 |  7- 9 | 10-12 || total
---------------------------+-------+-------+-------+-------++-------
  Melee: Sling             |       |       |     6 |       ||     6
   Fire: Sling             |   154 |   272 |   650 |  1118 ||  2194
  Evoke: Wand              |       |       |     7 |    24 ||    31
    Use: Scroll            |       |       |       |     4 ||     4
 Armour: Leather armour    |    12 |    37 |   129 |       ||   178
         Robe              |       |       |    10 |    38 ||    48
         Swamp dragon scal |       |       |       |   178 ||   178
  Dodge: Dodged            |     8 |    24 |   129 |   217 ||   378
         Repelled          |       |       |       |     2 ||     2
  Block: Other             |       |       |     1 |    36 ||    37

Table legend: (Time is in decaauts)
 A = Elapsed time spent in this place.
 B = Non-inter-level travel time spent in this place.
 C = Inter-level travel time spent in this place.
 D = Time resting spent in this place.
 E = Time spent auto-exploring this place.
 F = Levels seen in this place.
 G = Mean time per level.
                   A        B        C        D        E       F      G
               +--------+--------+--------+--------+--------+-----+--------+
         Total |  11932 |  11382 |    550 |   1024 |   8362 |  15 |  795.5 |
       Dungeon |  11484 |  10934 |    550 |   1024 |   8076 |  13 |  883.4 |
        Temple |      1 |      1 |      0 |      0 |      0 |   1 |    1.0 |
         Sewer |    447 |    447 |      0 |      0 |    285 |   1 |  447.0 |
               +--------+--------+--------+--------+--------+-----+--------+

Top non-repeatable levels by time:
     D:7: 1902 daAuts
     D:8: 1317 daAuts
     D:5: 1291 daAuts
     D:9: 1131 daAuts
    D:10: 1029 daAuts
     D:6: 898 daAuts
     D:2: 861 daAuts
     D:4: 809 daAuts
     D:1: 747 daAuts
    D:11: 692 daAuts
     D:3: 585 daAuts
   Sewer: 447 daAuts
    D:13: 208 daAuts
    D:14: 6 daAuts
  Temple: 1 daAuts
